 Dungeon Crawl Stone Soup version 0.30-a0-360-g447f08457e (webtiles) character file.

Game seed: 9418320060325573255

4 Manisian the Insei (level 1, -1/13 HPs)
             Began as an Octopode Transmuter on Nov 14, 2022.
             Slain by a ball python (3 damage)
             ... on level 1 of the Dungeon.
             The game lasted 00:00:43 (82 turns).

Manisian the Insei (Octopode Transmuter)              Turns: 82, Time: 00:00:44

Health: -1/13      AC:  1    Str:  9    XL:     1   Next: 60%
Magic:  2/3        EV: 10    Int: 15    God:
Gold:   22         SH:  0    Dex: 12    Spells: 3/4 levels left

rFire   . . .      SeeInvis .      - Unarmed
rCold   . . .      Faith    .    (no shield)
rNeg    . . .      Spirit   .    (helmet currently unavailable)
rPois   .          Reflect  .    (no amulet)
rElec   .          Harm     .    (no ring)
rCorr   .          Rampage  .    (no ring)
Will    .....                    (no ring)
Stlth   ++........               (no ring)
HPRegen 0.22/turn                (no ring)
MPRegen 0.08/turn                (no ring)
                                 (no ring)
                                 (no ring)

@: appendages, constricted
A: tentacle spike 3, almost no armour, amphibious, 8 rings, camouflage 1,
gelatinous body 1, (nimble swimmer 1), tentacles
a: End Transformation


You were on level 1 of the Dungeon.
One of your tentacles had grown a beastly spike.
You visited 1 branch of the dungeon, and saw 1 of its levels.

You collected 22 gold pieces.

Inventory:

Potions
 a - a potion of lignification


   Skills:
 + Level 1.0 Fighting
 + Level 2.0 Dodging
 + Level 3.2 Unarmed Combat
 + Level 2.0 Spellcasting
 + Level 2.1 Transmutations


You had 3 spell levels left.
You knew the following spells:

 Your Spells              Type           Power      Damage    Failure   Level
a - Beastly Appendage     Tmut           14%        N/A       10%         1

Your spell library contained the following spells:

 Spells                   Type           Power      Damage    Failure   Level
 Wereblood                Tmut           7%         N/A       14%         2
 Spider Form              Tmut/Pois      4%         N/A       41%         3
 Ice Form                 Ice/Tmut       4%         N/A       82%         4


Dungeon Overview and Level Annotations

Branches:
Dungeon (1/15)

Altars:


Innate Abilities, Weirdness & Mutations

One of your tentacles has grown a beastly spike.
You cannot wear most types of armour.
You are amphibious.
You can wear up to eight rings at the same time.
Your skin changes colour to match your surroundings (Stealth+).
Your rubbery body absorbs attacks. (AC +1, EV +1)
((You are camouflaged when in or above water. (Stealth+)))
You have tentacles for arms and can constrict up to eight enemies at once.


Message History

a +0 whip; a kobold corpse Your transformation is almost over.
The helpless ball python fails to defend itself.
You tentacle-slap the ball python.
You kill the ball python!
No target in view!
A kobold and a dart slug come into view.
You see here a scroll labelled OTUGOI SARGH.
There are monsters nearby!
A kobold comes into view. It is wielding a +0 dagger.
Your tentacle spike disappears.
Found a puce potion.
Found 8 gold pieces.
The kobold shouts!
You hear an angry hiss.
The kobold shouts!
The kobold barely misses you.
A ball python comes into view.
You closely miss the kobold. Your grab misses the kobold.
The kobold barely misses you. The dart slug launches a dart at you.
The slug dart hits you.
You closely miss the kobold. Your grab misses the kobold.
The kobold misses you.
Casting: Beastly Appendage (safe; 10% risk of failure)
Confirm with . or Enter, or press ? or * to list all spells.
One of your tentacles grows a vicious spike.
The kobold hits you with a +0 dagger. The ball python barely misses you.
The ball python grabs you. The ball python constricts you.
You tentacle-slap the ball python. Your grab misses the ball python.
Your tentacle spike misses the ball python.
The ball python is moderately wounded.
The kobold hits you with a +0 dagger. The kobold closely misses you.
The ball python barely misses you. The ball python constricts you.
You are too injured to fight recklessly!
You are too injured to fight recklessly!
You closely miss the kobold. You grab the kobold.
You pierce the kobold.
You kill the kobold!
The kobold hits you with a +0 dagger.
* * * LOW HITPOINT WARNING * * *
The ball python bites you.
You die...

.....# #. #.........
....♣# #. #.........
.....#####$.#.........
.....#......#.........
.....#..............!.
..♣..#.....##..w......
....♣#................
.....#.....?...K####
..♣.###......##.@)#
#######...#...###S....#
#.##...........#####.$#
#...?.).....†...# ..#
#.#.##########..# .
....# #.# ..### ...
...# ... .#........ ..


You could see a dart slug, a ball python and a kobold.

Vanquished Creatures
  A giant cockroach (D:1)
  A quokka (D:1)
  A ball python (D:1)
  2 kobolds (D:1)
5 creatures vanquished.

Notes
Turn   | Place    | Note
-------+----------+-------------------------------------------
     0 | D:1      | Manisian the Octopode Transmuter began the quest for the
                  | Orb.
     0 | D:1      | Reached XP level 1. HP: 13/13 MP: 3/3
    82 | D:1      | Slain by a ball python

Illustrated notes

Levels and vault maps discovered:
D:1:      nzn_arrival_settlement, layout_rooms

Action                   || total
-------------------------++-------
Melee: Unarmed           ||    10
       Constrict         ||     4
       Kick              ||     3
       Tentacles         ||     1
 Cast: Beastly Appendage ||     4
 Stab: Sleeping          ||     2
Dodge: Dodged            ||     7

Table legend: (Time is in decaauts)
 A = Elapsed time spent in this place.
 B = Non-inter-level travel time spent in this place.
 C = Inter-level travel time spent in this place.
 D = Time resting spent in this place.
 E = Time spent auto-exploring this place.
 F = Levels seen in this place.
 G = Mean time per level.
                   A        B        C        D        E       F      G
               +--------+--------+--------+--------+--------+-----+--------+
         Total |     81 |     81 |      0 |      0 |     50 |   1 |   81.0 |
       Dungeon |     81 |     81 |      0 |      0 |     50 |   1 |   81.0 |
               +--------+--------+--------+--------+--------+-----+--------+

Top non-repeatable levels by time:
     D:1: 81 daAuts
